 Dungeon Crawl Stone Soup version 0.27-a0-1334-g2746e35aca (webtiles) character file.

Game seed: 11269620011348472433

9546 hatdisgam the Covert (level 11, -4/89 HPs)
             Began as a Gnoll Delver on June 26, 2021.
             Was a Believer of Dithmenos.
             Slain by a four-headed hydra (11 damage)
             ... on level 1 of the Lair of Beasts.
             The game lasted 00:19:57 (12479 turns).

hatdisgam the Covert (Gnoll Delver)                Turns: 12479, Time: 00:19:58

Health: -4/89      AC:  7    Str: 11    XL:     11   Next: 48%
Magic:  20/20      EV: 15    Int: 14    God:    Dithmenos [**....]
Gold:   446        SH:  5    Dex: 16    Spells: 21/22 levels left

rFire    + . .     SeeInvis .   a - +7 quarterstaff of Income {drain, Dex+3}
rCold    . . .     Faith    .   (shield currently unavailable)
rNeg     . . .     Spirit   .   P - +1 leather armour {rPois}
rPois    +         Reflect  +   m - +0 helmet
rElec    .         Harm     .   U - +0 cloak
rCorr    +         Rampage  .   (no gloves)
Will     .....                  (no boots)
Stlth    ++++++....             n - amulet of reflection
HPRegen  0.24/turn              l - ring of resist corrosion
MPRegen  0.17/turn              k - ring of protection from fire

@: wreathed by umbra
A: fangs 1, strong nose, distributed training
a: Renounce Religion, Shadow Step


You were on level 1 of the Lair of Beasts.
You worshipped Dithmenos.
Dithmenos was pleased with you.
You visited 3 branches of the dungeon, and saw 12 of its levels.

You collected 446 gold pieces.

Inventory:

Hand Weapons
 a - the +7 quarterstaff of Income (weapon) {drain, Dex+3}
   (You found it on level 5 of the Dungeon)

   A truly terrible weapon, it drains the life of those it strikes.
   It affects your dexterity (+3).
 b - the +11 hunting sling of Imbalance {venom, Int+2 Dex+3 SInv Stlth+}
   (You found it on level 5 of the Dungeon)

   It poisons the ammo it fires.
   It affects your intelligence (+2).
   It affects your dexterity (+3).
   It lets you see invisible.
   It makes you more stealthy.
 p - a +1 vampiric dagger
 z - a +0 quarterstaff
 A - a +0 falchion
Missiles
 C - 29 sling bullets
 D - 209 stones (quivered)
 E - 20 javelins
 F - 46 poisoned darts
 G - 112 arrows
 H - 115 bolts
 N - 2 curare-tipped darts
Armour
 m - a +0 helmet (worn)
 B - a +0 leather armour
 P - a +1 leather armour of poison resistance (worn)
 U - a +0 cloak (worn)
Jewellery
 k - a ring of protection from fire (right hand)
 l - a ring of resist corrosion (left hand)
 n - an amulet of reflection (around neck)
 y - a ring of poison resistance
 K - a ring of fire
Wands
 f - a wand of polymorph (6)
 g - a wand of digging (7)
 o - a wand of iceblast (16)
 u - a wand of flame (101)
 x - a wand of charming (12)
 O - a wand of paralysis (9)
Scrolls
 c - 4 scrolls of fog
 d - 3 scrolls of magic mapping
 e - a scroll of fear
 h - 4 scrolls of teleportation
 i - a scroll of enchant armour {unknown}
 r - 2 scrolls of holy word
 w - 2 scrolls of amnesia {unknown}
 I - 2 scrolls of silence {unknown}
 J - a scroll of vulnerability {unknown}
 M - a scroll of torment {unknown}
 Q - a scroll of acquirement {unknown}
 T - a scroll of immolation {unknown}
Potions
 j - a potion of flight {unknown}
 q - 4 potions of curing
 s - 2 potions of attraction {unknown}
 t - a potion of cancellation {unknown}
 v - a potion of invisibility {unknown}
 L - a potion of resistance {unknown}
 R - 2 potions of brilliance {unknown}
 S - a potion of lignification {unknown}


   Skills:
 + Level 9.2 Fighting
 + Level 6.3 Short Blades
 + Level 7.9 Long Blades
 + Level 6.3 Axes
 + Level 6.3 Maces & Flails
 + Level 6.3 Polearms
 + Level 6.3 Staves
 + Level 6.3 Slings
 + Level 6.3 Bows
 + Level 6.3 Crossbows
 + Level 6.3 Throwing
 + Level 6.3 Armour
 + Level 7.9 Dodging
 + Level 11.3 Stealth
 + Level 6.3 Shields
 + Level 6.3 Unarmed Combat
 + Level 6.3 Spellcasting
 + Level 5.2 Conjurations
 + Level 5.2 Hexes
 + Level 5.2 Summonings
 + Level 5.2 Necromancy
 + Level 5.2 Translocations
 + Level 5.2 Transmutations
 + Level 5.2 Fire Magic
 + Level 5.2 Ice Magic
 + Level 5.2 Air Magic
 + Level 5.2 Earth Magic
 + Level 5.2 Poison Magic
 + Level 6.9 Invocations
 + Level 6.3 Evocations


You had 21 spell levels left.
You knew the following spells:

 Your Spells              Type           Power      Damage    Failure   Level
a - Foxfire               Conj/Fire      76%        2x1d7     2%          1

Your spell library contained the following spells:

 Spells                   Type           Power      Damage    Failure   Level
 Magic Dart               Conj           76%        1d6       2%          1
 Sandblast                Erth           38%        2d10      2%          1
 Summon Small Mammal      Summ           76%        N/A       2%          1
 Call Imp                 Summ           19%        N/A       3%          2
 Passwall                 Tmut/Erth      15%        N/A       3%          2
 Searing Ray              Conj           38%        3d4       3%          2
 Call Canine Familiar     Summ           19%        N/A       7%          3
 Confusing Touch          Hex            19%        N/A       7%          3
 Conjure Flame            Conj/Fire      19%        6-21      7%          3
 Dazzling Flash           Conj/Hex       38%        N/A       7%          3
 Gell's Gravitas          Tloc           9%         N/A       7%          3
 Inner Flame              Hex/Fire       19%        N/A       7%          3
 Stone Arrow              Conj/Erth      38%        3d9       7%          3
 Summon Guardian Golem    Hex/Summ       19%        N/A       7%          3
 Cause Fear               Hex            9%         N/A       22%         4
 Fulminant Prism          Conj/Hex       9%         3d7       22%         4
 Iskenderun's Mystic Bla  Conj/Tloc      19%        2d6       22%         4
 Petrify                  Tmut/Erth      19%        N/A       22%         4
 Sticky Flame             Conj/Fire      19%        2d4       22%         4
 Summon Ice Beast         Ice/Summ       19%        N/A       22%         4
 Summon Lightning Spire   Summ/Air       19%        N/A       22%         4
 Bolt of Magma            Conj/Fire/Erth 9%         4d7       52%         5
 Fireball                 Conj/Fire      9%         3d6       52%         5
 Iskenderun's Battlesphe  Conj           19%        2d7       52%         5
 Lee's Rapid Deconstruct  Erth           9%         3d8*      52%         5
 Metabolic Englaciation   Hex/Ice        9%         N/A       52%         5
 Silence                  Hex/Air        9%         N/A       52%         5
 Yara's Violent Unravell  Hex/Tmut       9%         3d6       52%         5
 Iron Shot                Conj/Erth      9%         9d3       98%         6
 Orb of Destruction       Conj           9%         9d4       100%        7
 Spellforged Servitor     Conj/Summ      9%         N/A       100%        7
 Discord                  Hex            9%         N/A       100%        8


Dungeon Overview and Level Annotations

Branches:
Dungeon (10/15)            Temple (1/1) D:6            Lair (1/6) D:9
    Orc: D:9-12

Altars:
Ashenzari
Cheibriados
Dithmenos
Elyvilon
Fedhas
Gozag
Hepliaklqana
Kikubaaqudgha
Makhleb
Nemelex Xobeh
Okawaru
Qazlal
Ru
Sif Muna
Trog
Uskayaw
Vehumet
Wu Jian
Xom
Yredelemnul
Zin
The Shining One

Shops:
D:3 (   D:5 *


Innate Abilities, Weirdness & Mutations

You have very sharp teeth.
Your uncanny sense of smell can sniff out nearby items.
Your experience applies equally to all skills.


Message History

The four-headed hydra is severely wounded.
The four-headed hydra bites you.
The four-headed hydra barely misses you.
The four-headed hydra bites you but does no damage. x2
Unknown command.
You hit the four-headed hydra. You bite the four-headed hydra.
The four-headed hydra is severely wounded.
The four-headed hydra bites you. The four-headed hydra bites you!
The four-headed hydra closely misses you.
The four-headed hydra bites you but does no damage.
Unknown command.
You sock the four-headed hydra!
The four-headed hydra is almost dead.
The four-headed hydra bites you but does no damage.
The four-headed hydra barely misses you. x2
The four-headed hydra bites you but does no damage.
Unknown command.
You barely miss the four-headed hydra.
The four-headed hydra is almost dead.
The four-headed hydra bites you!
You block the four-headed hydra's attack.
The four-headed hydra bites you but does no damage.
You block the four-headed hydra's attack.
Unknown command.
You sock the four-headed hydra! You bite the four-headed hydra.
The four-headed hydra is almost dead.
The four-headed hydra bites you.
* * * LOW HITPOINT WARNING * * *
The four-headed hydra bites you.
* * * LOW HITPOINT WARNING * * *
The four-headed hydra misses you. The four-headed hydra bites you.
* * * LOW HITPOINT WARNING * * *
You hit the four-headed hydra.
The four-headed hydra is almost dead.
The four-headed hydra bites you.
* * * LOW HITPOINT WARNING * * *
The four-headed hydra misses you. The four-headed hydra bites you!
* * * LOW HITPOINT WARNING * * *
The four-headed hydra bites you!
You die...

#. ..## #... ### #
.###..###### #.P#.#
#..........P###......
#..........##........
#..........##@D((...(
#.............#...(..
# ##..........####
..... ..#P..........#
.... ............#
..( #..........# ..
###.#..##### .
##..#### ##...#.##


You could see a four-headed hydra (drained).

Vanquished Creatures
  A centaur warrior (D:9)
  A two-headed ogre (D:9)
  Joseph (D:7)
  A komodo dragon (D:9)
  A troll (D:9)
  A hornet (D:5)
  A shadow (D:10)
  16 yaks
  A basilisk (D:7)
  A wyvern (D:9)
  3 water moccasins (D:7)
  An acid dragon (D:8)
  3 orc warriors (D:8)
  A hornet zombie (D:9)
  An ice beast (D:6)
  4 sky beasts
  A black bear (D:5)
  An ogre (D:5)
  A phantom (D:6)
  3 centaurs
  3 kobold brigands
  7 bullfrogs
  Blork the orc (D:5)
  A wyvern skeleton (D:7)
  11 killer bees
  8 wights (D:8)
  2 howler monkeys (D:9)
  An electric eel (D:10)
  3 bullfrog zombies
  6 centaur zombies
  2 hounds
  5 orc priests
  2 bullfrog skeletons
  A gnoll shaman (D:8)
  4 iguanas
  Jessica (D:2)
  4 orc wizards
  A scorpion zombie (D:5)
  A hound skeleton (D:5)
  Robin (D:2)
  3 gnolls (D:8)
  9 adders
  A howler monkey skeleton (D:6)
  2 shadow imps
  A white imp (D:7)
  An ufetubus (D:5)
  A worm (D:2)
  2 dart slugs
  26 orcs
  7 endoplasms
  4 giant cockroaches (D:3)
  16 goblins
  8 hobgoblins
  3 jackals (D:3)
  4 quokkas
  6 ball pythons
  4 bats
  2 frilled lizards
  15 kobolds
  3 rats
227 creatures vanquished.

Vanquished Creatures (others)
  7 foxfires (D:5)
  24 plants
31 creatures vanquished.

Grand Total: 258 creatures vanquished

Notes
Turn   | Place    | Note
-------+----------+-------------------------------------------
     0 | D:5      | Reached skill level 9 in Stealth
     0 | D:5      | hatdisgam the Gnoll Delver began the quest for the Orb.
     0 | D:5      | Reached XP level 1. HP: 23/23 MP: 1/1
    49 | D:4      | HP: 1/23 [hobgoblin (2)]
   713 | D:1      | Reached XP level 2. HP: 29/29 MP: 2/2
  1500 | D:2      | Reached XP level 3. HP: 35/35 MP: 3/3
  1507 | D:2      | Noticed Robin
  1770 | D:2      | Killed Robin
  1771 | D:2      | Reached skill level 1 in Invocations
  1782 | D:2      | Reached skill level 1 in Short Blades
  1782 | D:2      | Reached skill level 1 in Axes
  1782 | D:2      | Reached skill level 1 in Maces & Flails
  1782 | D:2      | Reached skill level 1 in Polearms
  1782 | D:2      | Reached skill level 1 in Staves
  1782 | D:2      | Reached skill level 1 in Slings
  1782 | D:2      | Reached skill level 1 in Bows
  1782 | D:2      | Reached skill level 1 in Crossbows
  1782 | D:2      | Reached skill level 1 in Throwing
  1782 | D:2      | Reached skill level 1 in Armour
  1782 | D:2      | Reached skill level 1 in Shields
  1782 | D:2      | Reached skill level 1 in Unarmed Combat
  1782 | D:2      | Reached skill level 1 in Spellcasting
  1782 | D:2      | Reached skill level 1 in Evocations
  2121 | D:2      | Reached XP level 4. HP: 41/41 MP: 5/5
  2453 | D:2      | Noticed Jessica
  2483 | D:2      | Killed Jessica
  2484 | D:2      | Reached skill level 1 in Conjurations
  2484 | D:2      | Reached skill level 1 in Hexes
  2484 | D:2      | Reached skill level 1 in Summonings
  2484 | D:2      | Reached skill level 1 in Necromancy
  2484 | D:2      | Reached skill level 1 in Translocations
  2484 | D:2      | Reached skill level 1 in Transmutations
  2484 | D:2      | Reached skill level 1 in Fire Magic
  2484 | D:2      | Reached skill level 1 in Ice Magic
  2484 | D:2      | Reached skill level 1 in Air Magic
  2484 | D:2      | Reached skill level 1 in Earth Magic
  2484 | D:2      | Reached skill level 1 in Poison Magic
  2956 | D:2      | Reached XP level 5. HP: 47/47 MP: 6/6
  3337 | D:3      | Found Baunos's Weapon Boutique.
  4454 | D:4      | Reached XP level 6. HP: 53/53 MP: 8/8
  5141 | D:5      | Identified the +7 quarterstaff of Income {drain, Dex+3}
  5179 | D:5      | Learned a level 1 spell: Foxfire
  5251 | D:5      | Reached skill level 5 in Long Blades
  5251 | D:5      | Reached skill level 5 in Dodging
  5343 | D:5      | Identified the +11 hunting sling of Imbalance {venom, Int+2
                  | Dex+3 SInv Stlth+}
  5833 | D:5      | Found Hiss's Assorted Antiques.
  5856 | D:5      | Reached XP level 7. HP: 59/59 MP: 10/10
  6027 | D:5      | Noticed Blork the orc
  6030 | D:5      | Killed Blork the orc
  6103 | D:5      | Noticed a hornet
  6111 | D:5      | Killed a hornet
  6112 | D:5      | Reached skill level 10 in Stealth
  6112 | D:5      | Reached XP level 8. HP: 67/67 MP: 10/12
  6570 | D:6      | Found a staircase to the Ecumenical Temple.
  6580 | Temple   | Entered the Ecumenical Temple
  6729 | Temple   | Became a worshipper of Dithmenos the Shadowed
  7250 | D:7      | Reached XP level 9. HP: 73/73 MP: 14/14
  7532 | D:7      | Noticed Joseph
  7543 | D:7      | Killed Joseph
  7893 | D:8      | Reached skill level 5 in Invocations
  8249 | D:8      | Reached * piety under Dithmenos
  8269 | D:8      | Reached XP level 10. HP: 43/80 MP: 17/17
  8542 | D:8      | Reached skill level 5 in Short Blades
  8542 | D:8      | Reached skill level 5 in Axes
  8542 | D:8      | Reached skill level 5 in Maces & Flails
  8542 | D:8      | Reached skill level 5 in Polearms
  8542 | D:8      | Reached skill level 5 in Staves
  8542 | D:8      | Reached skill level 5 in Slings
  8542 | D:8      | Reached skill level 5 in Bows
  8542 | D:8      | Reached skill level 5 in Crossbows
  8542 | D:8      | Reached skill level 5 in Throwing
  8542 | D:8      | Reached skill level 5 in Armour
  8542 | D:8      | Reached skill level 5 in Shields
  8542 | D:8      | Reached skill level 5 in Unarmed Combat
  8542 | D:8      | Reached skill level 5 in Spellcasting
  8542 | D:8      | Reached skill level 5 in Evocations
  9298 | D:8      | Reached ** piety under Dithmenos
  9639 | D:9      | Noticed a two-headed ogre
  9853 | D:9      | Noticed a centaur warrior
 10107 | D:9      | Killed a two-headed ogre
 10108 | D:9      | Reached skill level 11 in Stealth
 10164 | D:9      | Found a broken altar of Ashenzari.
 10222 | D:9      | Found a radiant altar of Vehumet.
 10228 | D:9      | Found an ornate altar of the Wu Jian Council.
 10235 | D:9      | Found a stormy altar of Qazlal.
 10248 | D:9      | Found a hazy altar of Hepliaklqana.
 10251 | D:9      | Found a glowing golden altar of the Shining One.
 10380 | D:9      | Found a staircase to the Lair.
 11213 | D:9      | Killed a centaur warrior
 11214 | D:9      | Reached XP level 11. HP: 43/89 MP: 19/19
 11441 | D:10     | Entered Level 10 of the Dungeon
 11580 | D:10     | Reached skill level 5 in Conjurations
 11580 | D:10     | Reached skill level 5 in Hexes
 11580 | D:10     | Reached skill level 5 in Summonings
 11580 | D:10     | Reached skill level 5 in Necromancy
 11580 | D:10     | Reached skill level 5 in Translocations
 11580 | D:10     | Reached skill level 5 in Transmutations
 11580 | D:10     | Reached skill level 5 in Fire Magic
 11580 | D:10     | Reached skill level 5 in Ice Magic
 11580 | D:10     | Reached skill level 5 in Air Magic
 11580 | D:10     | Reached skill level 5 in Earth Magic
 11580 | D:10     | Reached skill level 5 in Poison Magic
 11822 | D:10     | Reached *** piety under Dithmenos
 12265 | Lair:1   | Entered Level 1 of the Lair of Beasts
 12462 | Lair:1   | Noticed a four-headed hydra
 12479 | Lair:1   | Slain by a four-headed hydra

Illustrated notes

Levels and vault maps discovered:
D:1:      minmay_arrival_stone_box, layout_loops_ring, roderic_serpentine_path,
          kennysheep_boxes
D:2:      layout_loops_corners, uniq_robin, uniq_jessica
D:3:      layout_loops_ring, serial_shops, nicolae_shop_statue_plus
D:4:      layout_rooms, skrybe_limestone_x, minmay_bisected
D:5:      layout_gridville, serial_shops, nicolae_diamond_shop,
          uniq_blork_the_orc
D:6:      layout_basic, temple_green
D:7:      layout_rooms, uniq_joseph
D:8:      layout_loops_ring, nrook_uturn, roderic_roman_lattice,
          wad_rectangle_vault
D:9:      cheibrodos_helix_gallery, layout_cave_pools,
          minmay_overflow_temple_star_hex, lemuel_doored_altar,
          david_lair_shrubbed, kennysheep_island_fort
D:10:     layout_basic, minivault_14
Temple:   kb_temple_of_zot
Lair:1:   layout_roguey

Skill      XL: |  1  2  3  4  5  6  7  8  9 10 11 |
---------------+----------------------------------+-----
Stealth        | 10 11 | 11.3
Invocations    | 1 2 3 4 5 6 |  6.9
Short Blades   | 1 2 3 4 5 6 |  6.3
Axes           | 1 2 3 4 5 6 |  6.3
Maces & Flails | 1 2 3 4 5 6 |  6.3
Polearms       | 1 2 3 4 5 6 |  6.3
Staves         | 1 2 3 4 5 6 |  6.3
Slings         | 1 2 3 4 5 6 |  6.3
Bows           | 1 2 3 4 5 6 |  6.3
Crossbows      | 1 2 3 4 5 6 |  6.3
Throwing       | 1 2 3 4 5 6 |  6.3
Armour         | 1 2 3 4 5 6 |  6.3
Shields        | 1 2 3 4 5 6 |  6.3
Unarmed Combat | 1 2 3 4 5 6 |  6.3
Spellcasting   | 1 2 3 4 5 6 |  6.3
Evocations     | 1 2 3 4 5 6 |  6.3
Conjurations   | 1 2 3 4 5 |  5.2
Hexes          | 1 2 3 4 5 |  5.2
Summonings     | 1 2 3 4 5 |  5.2
Necromancy     | 1 2 3 4 5 |  5.2
Translocations | 1 2 3 4 5 |  5.2
Transmutations | 1 2 3 4 5 |  5.2
Fire Magic     | 1 2 3 4 5 |  5.2
Ice Magic      | 1 2 3 4 5 |  5.2
Air Magic      | 1 2 3 4 5 |  5.2
Earth Magic    | 1 2 3 4 5 |  5.2
Poison Magic   | 1 2 3 4 5 |  5.2
Long Blades    | 5 6 7 |  7.9
Dodging        | 5 6 7 |  7.9
Fighting       | 7 8 9 |  9.2

Action                   |  1- 3 |  4- 6 |  7- 9 | 10-12 || total
-------------------------+-------+-------+-------+-------++-------
Melee: Falchion          |    77 |    28 |       |       ||   105
       Bite              |    12 |    19 |     7 |    12 ||    50
       Dagger            |       |   226 |       |       ||   226
       Punch             |       |     1 |       |       ||     1
       Quarterstaff      |       |     9 |    58 |   102 ||   169
 Fire: Hunting sling     |       |    17 |   133 |   230 ||   380
 Cast: Foxfire           |       |     4 |       |       ||     4
  Use: Potion            |     1 |     2 |       |     2 ||     5
       Scroll            |       |       |     4 |     1 ||     5
 Stab: Sleeping          |     7 |     7 |       |     1 ||    15
Armor: Leather armour    |    13 |    38 |    14 |    19 ||    84
Dodge: Dodged            |    65 |   155 |    42 |    95 ||   357
Block: Other             |       |    40 |     9 |    37 ||    86
       Reflection        |       |       |     1 |     5 ||     6
       Rpst.: Falchion   |    22 |     6 |       |       ||    28

Table legend: (Time is in decaauts)
 A = Elapsed time spent in this place.
 B = Non-inter-level travel time spent in this place.
 C = Inter-level travel time spent in this place.
 D = Time resting spent in this place.
 E = Time spent auto-exploring this place.
 F = Levels seen in this place.
 G = Mean time per level.
                   A        B        C        D        E       F      G
               +--------+--------+--------+--------+--------+-----+--------+
         Total |  12450 |  12009 |    441 |   2000 |   8252 |  12 | 1037.5 |
       Dungeon |  12073 |  11676 |    397 |   2000 |   8017 |  10 | 1207.3 |
        Temple |    167 |    124 |     43 |      0 |     90 |   1 |  167.0 |
          Lair |    209 |    209 |      0 |      0 |    145 |   1 |  209.0 |
               +--------+--------+--------+--------+--------+-----+--------+

Top non-repeatable levels by time:
     D:2: 2049 daAuts
     D:8: 1962 daAuts
     D:9: 1728 daAuts
     D:1: 1401 daAuts
     D:3: 1142 daAuts
     D:5: 991 daAuts
     D:4: 862 daAuts
    D:10: 767 daAuts
     D:7: 658 daAuts
     D:6: 510 daAuts
  Lair:1: 209 daAuts
  Temple: 167 daAuts
